 Dungeon Crawl Stone Soup version 0.21.1-1-g345015f (webtiles) character file.

359 sking99 the Basher (level 6, -1/51 HPs)
             Began as a Minotaur Fighter on June 24, 2018.
             Killed by divine providence
             ... invoked by an orc priest
              (16 damage)
             ... on level 4 of the Dungeon.
             The game lasted 00:06:48 (2301 turns).

sking99 the Basher (Minotaur Fighter)               Turns: 2301, Time: 00:06:48

Health: -1/51      AC:  8    Str: 21    XL:     6   Next: 37%
Magic:  5/5        EV:  7    Int:  5    God:
Gold:   100        SH:  9    Dex: 11    Spells: 5/5 levels left

rFire    . . .     SeeInvis .   a - +1 flail
rCold    . . .     Gourm    .   c - +0 shield
rNeg     . . .     Faith    .   b - +0 scale mail
rPois    .         Spirit   .   (helmet restricted)
rElec    .         Reflect  .   (no cloak)
rCorr    .         Harm     .   (no gloves)
MR       .....                  n - +0 pair of boots
Stlth    ..........             (no amulet)
HPRegen  0.17/turn              (no ring)
MPRegen  0.09/turn              (no ring)

@: no status effects
A: retaliatory headbutt, horns 2
a: no special abilities


You were on level 4 of the Dungeon.
You were not hungry.

You visited 1 branch of the dungeon, and saw 4 of its levels.

You collected 100 gold pieces.

Inventory:

Hand Weapons
 a - a +1 flail (weapon)
Missiles
 e - 8 tomahawks
 k - 73 stones (quivered)
Armour
 b - a +0 scale mail (worn)
 c - a +0 shield (worn)
 n - a +0 pair of boots (worn)
Jewellery
 q - a +6 ring of intelligence
Potions
 d - a potion of might
 j - a potion of lignification
 l - a potion of flight {unknown}
 o - a potion of heal wounds {unknown}
 s - a potion of resistance {unknown}
 u - a potion of curing {unknown}
 v - 2 potions of invisibility
 w - a potion of mutation {unknown}
Comestibles
 f - 3 rations


   Skills:
 - Level 3.6 Fighting
 + Level 8.3 Maces & Flails
 - Level 3.6 Armour
 - Level 3.6 Shields


You had 5 spell levels left.
You didn't know any spells.

Dungeon Overview and Level Annotations

Branches:
Dungeon (4/15)
 Temple: D:4-7

Altars:
Nemelex Xobeh


Innate Abilities, Weirdness & Mutations

You reflexively headbutt those who attack you in melee.
You have a pair of horns on your head.


Message History

An orc priest comes into view. It is wielding a mace.
An adder comes into view.
The adder hisses angrily.
Found a scroll of enchant weapon.
The orc hits you but does no damage.
You bludgeon the adder!!
You kill the adder!
A quokka, a giant cockroach, 2 orcs and an orc priest come into view.
The orc shouts!
The orc priest shouts!
The orc shouts!
The orc priest invokes the aid of Beogh against you.
Beogh smites you!
The orc priest calls down the wrath of Beogh upon you.
Pain shoots through your body! You block the orc's attack.
Your shield and scale mail prevent you from hitting the orc priest.
The orc priest hits you with a mace. The orc priest hits you with a war axe.
* * * LOW HITPOINT WARNING * * *
You block the orc's attack.
The orc priest calls down the wrath of Beogh upon you.
Beogh smites you!
You die...

# ....... #.
....... #.####
....... #.....
....... ##.....
.......
.......#r......
#....oooso.#
#.?.####.#.#
#.#o@...?..# ..
#.†.#....#
#########.#.#
#..#
#.<.......#...
.#
###########....#
..?.... #....#..
.....# . ....#


You could see an orc priest and an orc.

Vanquished Creatures
  Sigmund (D:2)
  A hound (D:2)
  2 orc priests (D:3)
  5 adders
  A dart slug (D:1)
  2 leopard geckos
  8 orcs (D:3)
  2 ball pythons
  2 giant cockroaches
  3 goblins
  7 hobgoblins
  7 kobolds
  A quokka (D:2)
  5 bats
  2 frilled lizards (D:1)
  8 rats
57 creatures vanquished.

Notes
Turn   | Place    | Note
-------+----------+-------------------------------------------
     0 | D:1      | sking99 the Minotaur Fighter began the quest for the Orb.
     0 | D:1      | Reached XP level 1. HP: 19/19 MP: 0/0
   123 | D:1      | Reached skill level 3 in Maces & Flails
   276 | D:1      | Reached XP level 2. HP: 25/26 MP: 1/1
   514 | D:1      | Reached skill level 4 in Maces & Flails
   879 | D:2      | Reached XP level 3. HP: 31/31 MP: 2/2
   931 | D:2      | Reached skill level 5 in Maces & Flails
  1068 | D:2      | Reached XP level 4. HP: 39/39 MP: 3/3
  1073 | D:2      | Found a sparkling altar of Nemelex Xobeh.
  1142 | D:2      | Noticed Sigmund
  1156 | D:2      | Killed Sigmund
  1156 | D:2      | Reached skill level 7 in Maces & Flails
  1156 | D:2      | Reached XP level 5. HP: 42/45 MP: 4/4
  1637 | D:3      | Reached XP level 6. HP: 38/51 MP: 5/5
  1860 | D:3      | Reached skill level 8 in Maces & Flails
  2301 | D:4      | Killed from afar by an orc priest

Skill      XL: |  1  2  3  4  5  6 |
---------------+-------------------+-----
Maces & Flails | 3 4 5 7 8 |  8.3
Fighting       | |  3.6
Armour         | |  3.6
Shields        | |  3.6

Action                   |  1- 3 |  4- 6 || total
-------------------------+-------+-------++-------
Melee: Flail             |    63 |    72 ||   135
       Headbutt          |    10 |    11 ||    21
  Use: Scroll            |       |     8 ||     8
  Eat: Chunk             |     1 |     3 ||     4
Armor: Scale mail        |    28 |    26 ||    54
Dodge: Dodged            |     9 |    17 ||    26
Block: Shield            |    27 |    33 ||    60
